 Dungeon Crawl Stone Soup version 0.29-a0-330-g52719c12eb (webtiles) character file.

Game seed: 16099429643222377341

1347 kae the Firebug (level 8, -4/53 HPs)
             Began as an Octopode Fire Elementalist on Apr 18, 2022.
             Slain by Duvessa
             ... wielding a +0 short sword
              (6 damage)
             ... on level 6 of the Dungeon.
             The game lasted 00:04:29 (6847 turns).

kae the Firebug (Octopode Fire Elementalist)        Turns: 6847, Time: 00:04:30

Health: -4/53      AC:  3    Str: 12    XL:     8   Next: 62%
Magic:  11/14      EV: 14    Int: 25    God:
Gold:   162        SH:  0    Dex: 12    Spells: 2/15 levels left

rFire   . . .      SeeInvis .   g - +8 club
rCold   + . .      Faith    .   (no shield)
rNeg    . . .      Spirit   .   o - +2 hat of a Billion Gods {Str+4}
rPois   .          Reflect  .   c - amulet of regeneration
rElec   .          Harm     .   p - ring of Reuwk {rC+ Int+6}
rCorr   .          Rampage  .   (no ring)
Will    .....                   (no ring)
Stlth   ++++......              (no ring)
HPRegen 0.97/turn               (no ring)
MPRegen 0.14/turn               (no ring)
                                (no ring)
                                (no ring)

@: mighty
A: almost no armour, amphibious, 8 rings, camouflage 1, gelatinous body 1,
(nimble swimmer 1), tentacles
a: no special abilities


You were on level 6 of the Dungeon.
You visited 1 branch of the dungeon, and saw 6 of its levels.
You also visited: Sewer.

You collected 162 gold pieces.

Inventory:

Hand Weapons
 e - a +0 falchion
 g - a +8 club (weapon)
 j - a +3 whip of electrocution
Armour
 o - the +2 hat of a Billion Gods (worn) {Str+4}
   (You acquired it on level 6 of the Dungeon)

   Str:       It affects your strength (+4).
Magical Staves
 q - a staff of fire
Jewellery
 c - an amulet of regeneration (around mantle)
 p - the ring of Reuwk (left tentacle) {rC+ Int+6}
   (You found it on level 5 of the Dungeon)

   [ring of intelligence]

   Int:       It affects your intelligence (+6).
   rC:        It protects you from cold.
Scrolls
 i - 2 scrolls of identify
 k - a scroll of blinking
 l - a scroll of enchant armour
 m - a scroll of fear
 n - 3 scrolls of teleportation
Potions
 a - a potion of magic
 d - a potion of cancellation
 f - 4 potions of mutation
 h - a potion of degeneration


   Skills:
 + Level 3.6 Fighting
 + Level 4.1 Dodging
 + Level 6.0 Stealth
 + Level 4.0 Spellcasting
 + Level 3.9 Conjurations
 * Level 6.2 Fire Magic


You had 2 spell levels left.
You knew the following spells:

 Your Spells              Type           Power      Damage    Failure   Level
a - Foxfire               Conj/Fire      100%       2x1d9     1%          1
b - Scorch                Fire           72%        2d9       1%          2
c - Conjure Flame         Conj/Fire      30%        6-21      3%          3
d - Inner Flame           Hex/Fire       20%        N/A       8%          3
e - Flame Wave            Conj/Fire      30%        2d8       11%         4

Your spell library contained the following spells:

 Spells                   Type           Power      Damage    Failure   Level
 Confusing Touch          Hex            5%         N/A       26%         3
 Olgreb's Toxic Radiance  Pois           5%         N/A       65%         4
 Yara's Violent Unravell  Hex/Tmut       2%         3d3       94%         5
 Enfeeble                 Hex            2%         N/A       100%        7
 Ozocubu's Refrigeration  Ice            2%         4d5       100%        7
 Ignition                 Fire           18%        3d7       100%        8


Dungeon Overview and Level Annotations

Branches:
Dungeon (6/15)              Sewer (visited)
 Temple: D:4-7

Altars:
Uskayaw

Shops:
D:4 [   D:6 =(

Annotations:
D:5 Eustachio
D:6 Duvessa


Innate Abilities, Weirdness & Mutations

You cannot wear most types of armour.
You are amphibious.
You can wear up to eight rings at the same time.
Your skin changes colour to match your surroundings (Stealth+).
Your rubbery body absorbs attacks. (AC +1, EV +1)
((You are camouflaged when in or above water. (Stealth+)))
You have tentacles for arms and can constrict up to eight enemies at once.


Message History

Confirm with . or Enter, or press ? or * to list all spells.
The fire begins to smoulder!
Dowan gestures at you while chanting. The puff of flame hits you!
The fire ignites!
Dowan attacks as you move away! Dowan misses you.
Dowan says, "Magic and the sword, together, will defeat you."
Duvessa says, "Where magic fails, the sword succeeds!"
You don't have any unidentified items.
You feel very mighty all of a sudden. Dowan hits you with a +0 dagger.
You thump Dowan! You grab Dowan.
Dowan is heavily wounded.
You constrict Dowan, but do no damage.
Dowan casts a spell.
Dowan struggles to blink free from constriction.
You bludgeon Dowan!!
You kill Dowan!
Duvessa screams, "No!
How DARE you!"
Duvessa goes berserk!
Duvessa rages.
Duvessa misses you.
Your Stealth skill increases to level 6!
Your Spellcasting skill increases to level 4!
You hit Duvessa. You grab Duvessa. You squeeze Duvessa!
Duvessa is moderately wounded.
You constrict Duvessa, but do no damage.
Duvessa hits you with a +0 short sword! Duvessa barely misses you.
You hit Duvessa. You squeeze Duvessa, but do no damage.
Duvessa is moderately wounded.
You constrict Duvessa.
Duvessa hits you with a +0 short sword! x2
You sock Duvessa!
Duvessa is heavily wounded.
You constrict Duvessa. Duvessa hits you with a +0 short sword!
* * * LOW HITPOINT WARNING * * *
Duvessa hits you with a +0 short sword!
* * * LOW HITPOINT WARNING * * *
You hit Duvessa.
Duvessa is severely wounded.
You constrict Duvessa. Duvessa hits you with a +0 short sword.
You die...

..... #..........#####.#
...) #..........#.....# ...
#..........#.######### .g
#.....................
..##.###
#................#####
...)...# #..[.....###.....#
#..# #.##########.....#
#..#####.####.....#######
######...gg§...e@..........#
#.......####.####(....####.#
#.......# #.# #.....##
#.###### #.......# #.#
#....∩.###.#..... #..<.....
#.# ####...#...#.####
.........# #.#
#...#...#..... P..#####..
#.# #...#...#..... ##.
#.##.# #...#...#.#### # .#
#######...∩...


You could see Duvessa (berserk) and 2 gnolls.

Vanquished Creatures
  Pikel (D:5)
  4 lemures (D:5)
  2 kobold brigands (Sewer)
  2 scorpions
  Dowan (D:6)
  A jelly (D:5)
  3 hounds
  An orc priest (D:5)
  3 iguanas
  Jessica (D:3)
  2 orc wizards (D:4)
  A gnoll (D:6)
  6 river rats
  10 adders
  A white imp (D:5)
  An ufetubus (D:4)
  4 worms
  12 orcs
  4 endoplasms
  A giant cockroach (D:2)
  7 goblins
  10 hobgoblins
  7 jackals
  4 quokkas
  9 ball pythons
  9 bats
  4 frilled lizards
  4 kobolds
  17 rats
132 creatures vanquished.

Vanquished Creatures (collateral kills)
  10 foxfires (Sewer)
10 creatures vanquished.

Vanquished Creatures (others)
  445 foxfires
  5 plants (Sewer)
450 creatures vanquished.

Grand Total: 592 creatures vanquished

Notes
Turn   | Place    | Note
-------+----------+-------------------------------------------
     0 | D:1      | kae the Octopode Fire Elementalist began the quest for the
                  | Orb.
     0 | D:1      | Reached XP level 1. HP: 11/11 MP: 3/3
   281 | D:1      | Reached XP level 2. HP: 17/17 MP: 3/5
   602 | D:1      | Learned a level 2 spell: Scorch
  1139 | D:2      | Reached XP level 3. HP: 22/22 MP: 2/6
  1683 | D:2      | Found a faded altar of an unknown god.
  1959 | D:2      | Reached skill level 1 in Fighting
  2161 | D:2      | Reached XP level 4. HP: 28/28 MP: 5/7
  2459 | D:3      | Noticed Jessica
  2464 | D:3      | Killed Jessica
  2831 | D:3      | Reached XP level 5. HP: 31/33 MP: 3/8
  3506 | D:4      | Found a glowing drain.
  3572 | Sewer    | Entered a sewer
  3576 | Sewer    | Reached XP level 6. HP: 39/39 MP: 7/10
  4176 | Sewer    | Reached XP level 7. HP: 30/45 MP: 5/11
  4885 | D:4      | Found Qealevog's Armour Emporium.
  5304 | D:4      | Reached skill level 5 in Fire Magic
  5554 | D:5      | Entered Level 5 of the Dungeon
  5789 | D:5      | Reached skill level 5 in Stealth
  5854 | D:5      | Noticed Eustachio
  5987 | D:5      | Identified the ring of Reuwk {rC+ Int+6}
  6106 | D:5      | Noticed Pikel
  6116 | D:5      | Identified 2 scrolls of acquirement
  6116 | D:5      | Acquired a staff of fire
  6352 | D:5      | Killed Pikel
  6353 | D:5      | Reached XP level 8. HP: 41/52 MP: 4/13
  6435 | D:5      | Found a hide-covered altar of Uskayaw.
  6556 | D:6      | Found Damaimm's Antique Weapon Shop.
  6558 | D:6      | Acquired the +2 hat of a Billion Gods {Str+4}
  6623 | D:6      | Learned a level 3 spell: Conjure Flame
  6627 | D:6      | Learned a level 3 spell: Inner Flame
  6632 | D:6      | Learned a level 4 spell: Flame Wave
  6646 | D:6      | Found Gyckol's Jewellery Emporium.
  6646 | D:6      | Noticed Dowan
  6646 | D:6      | Noticed Duvessa
  6843 | D:6      | Killed Dowan
  6846 | D:6      | HP: 1/53 [Duvessa/+0 short sword (9)]
  6847 | D:6      | Slain by Duvessa

Illustrated notes

Levels and vault maps discovered:
D:1:      lemuel_arrival_broad_hall, layout_basic
D:2:      layout_basic, shapermc_ecumenical_altar_notcrosses, minivault_27,
          hex_medium, minmay_crystal_water
D:3:      layout_basic, uniq_jessica
D:4:      layout_basic, serial_shops, shop, lightli_sewer_entry_pipes
D:5:      layout_rooms, lemuel_tele_altar, nrook_pool_corridor, uniq_eustachio,
          uniq_pikel
D:6:      layout_basic, nicolae_qazlal_eye_of_the_storm,
          mainiacjoe_overflow_brackets, minmay_temple_entry_gardened_gates,
          serial_shops, shop, shop, uniq_duvessa

Skill      XL: |  1  2  3  4  5  6  7  8 |
---------------+-------------------------+-----
Stealth        | 3 4 5 6 |  6.0
Fighting       | 1 2 3 |  3.6
Conjurations   | 2 3 |  3.9
Fire Magic     | 4 6 |  6.2
Dodging        | 3 4 |  4.1
Spellcasting   | 3 4 |  4.0

Action                   |  1- 3 |  4- 6 |  7- 9 || total
-------------------------+-------+-------+-------++-------
Melee: Unarmed           |     8 |       |       ||     8
       Tentacles         |     6 |    10 |     4 ||    20
       Falchion          |    10 |     2 |       ||    12
       Constrict         |     4 |    10 |     5 ||    19
       Club              |       |    36 |    18 ||    54
 Cast: Foxfire           |    79 |    88 |   110 ||   277
       Scorch            |       |       |     6 ||     6
       Conjure Flame     |       |       |     2 ||     2
  Use: Scroll            |     5 |     1 |     9 ||    15
       Potion            |       |       |     1 ||     1
 Stab: Sleeping          |     1 |     7 |       ||     8
Armor: Skin              |     1 |     1 |     2 ||     4
Dodge: Dodged            |    21 |    49 |    40 ||   110

Table legend: (Time is in decaauts)
 A = Elapsed time spent in this place.
 B = Non-inter-level travel time spent in this place.
 C = Inter-level travel time spent in this place.
 D = Time resting spent in this place.
 E = Time spent auto-exploring this place.
 F = Levels seen in this place.
 G = Mean time per level.
                   A        B        C        D        E       F      G
               +--------+--------+--------+--------+--------+-----+--------+
         Total |   6868 |   6678 |    190 |    240 |   5269 |   7 |  981.1 |
       Dungeon |   6096 |   5906 |    190 |    192 |   4750 |   6 | 1016.0 |
         Sewer |    771 |    771 |      0 |     48 |    519 |   1 |  771.0 |
               +--------+--------+--------+--------+--------+-----+--------+

Top non-repeatable levels by time:
     D:4: 1528 daAuts
     D:2: 1347 daAuts
     D:1: 1118 daAuts
     D:3: 909 daAuts
     D:5: 901 daAuts
   Sewer: 771 daAuts
     D:6: 291 daAuts
